 Dungeon Crawl Stone Soup version 0.30-a0-862-g1aabd4f9c5 (webtiles) character file.

Game seed: 15448219623573309390

140 Esekla the Sneak (level 5, -10/37 HPs)
             Began as an Octopode Delver on Mar 10, 2023.
             Was an Initiate of Gozag.
             Killed by nerve-wracking pain
             ... invoked by an orc priest
              (12 damage)
             ... on level 5 of the Dungeon.
             The game lasted 00:03:43 (515 turns).

Esekla the Sneak (Octopode Delver)                   Turns: 515, Time: 00:03:44

Health: -10/37     AC:  1    Str: 12    XL:     5   Next: 22%
Magic:  6/6        EV: 13    Int: 14    God:    Gozag
Gold:   48         SH:  0    Dex: 13    Spells: 6/6 levels left

rFire   . . .      SeeInvis .    a - +0 falchion
rCold   . . .      Faith    .    (no shield)
rNeg    . . .      Spirit   .    (helmet restricted)
rPois   .          Reflect  .    (no amulet)
rElec   .          Rampage  .    (no ring)
rCorr   .                        (no ring)
Will    .....                    (no ring)
Stlth   +++++                    (no ring)
HPRegen 0.26/turn                (no ring)
MPRegen 0.10/turn                (no ring)
                                 (no ring)
                                 (no ring)

@: no status effects
A: almost no armour, amphibious, 8 rings, camouflage 1, gelatinous body 1,
(nimble swimmer 1), tentacles
a: Renounce Religion, Potion Petition, Call Merchant, Bribe Branch


You were on level 5 of the Dungeon.
You worshipped Gozag.
Gozag was noncommittal.
You visited 2 branches of the dungeon, and saw 2 of its levels.

You collected 55 gold pieces.
You paid 7 gold pieces to Gozag.

Inventory:

Hand Weapons
 a - a +0 falchion (weapon)
Wands
 f - a wand of digging (3)
Scrolls
 b - a scroll of fog
 d - a scroll of enchant armour {unknown}
 g - a scroll of identify {unknown}
 i - a scroll of enchant weapon {unknown}
 k - a scroll of vulnerability {unknown}
Potions
 e - a potion of haste
 h - a potion of lignification {unknown}
 j - a potion of degeneration {unknown}


   Skills:
 * Level 3.7 Fighting
 * Level 2.6 Long Blades
 * Level 2.5 Dodging
 + Level 7.9 Stealth
 * Level 1.2 Spellcasting


You had 6 spell levels left.
You didn't know any spells.
Your spell library contained the following spells:

 Spells                   Type           Power      Damage    Failure   Level
 Scorch                   Fire           0%         2d5       36%         2
 Flame Wave               Conj/Fire      0%         2d4       95%         4
 Summon Cactus Giant      Summ           0%         N/A       100%        6


Dungeon Overview and Level Annotations

Branches:
Dungeon (5/15)             Temple (1/1) D:5

Altars:
Ashenzari
Dithmenos
Gozag
Nemelex Xobeh
Sif Muna
Trog
Uskayaw
The Shining One


Innate Abilities, Weirdness & Mutations

You cannot wear most types of armour.
You are amphibious.
You can wear up to eight rings at the same time.
Your skin changes colour to match your surroundings (Stealth+).
Your rubbery body absorbs attacks. (AC +1, EV +1)
((You are camouflaged when in or above water. (Stealth+)))
You have tentacles for arms and can constrict up to eight enemies at once.


Message History

Things that are here:
a +1 mace of protection; a +0 leather armour You start resting.
An orc is nearby!
You closely miss the orc. Your grab misses the orc. The orc misses you.
You hit the orc. You grab the orc.
The orc is heavily wounded.
You constrict the orc, but do no damage.
The orc hits you with a +0 short sword.
* * * LOW HITPOINT WARNING * * *
You hit the orc.
You kill the orc!
You start resting.
You hear the quick rusting of a very distant drain.
Items here: $ )) [[.
You start resting.
An orc priest is nearby!
The orc priest misses you.
Items here: $ )) [[.
You hit the orc priest. You grab the orc priest.
You squeeze the orc priest, but do no damage.
The orc priest is lightly wounded.
You constrict the orc priest, but do no damage.
The orc priest hits you with a +0 flail.
You hit the orc priest but do no damage.
You squeeze the orc priest, but do no damage.
The orc priest is lightly wounded.
You constrict the orc priest.
The orc priest hits you with a +0 flail.
* * * LOW HITPOINT WARNING * * *
You barely miss the orc priest.
The orc priest is lightly wounded.
You constrict the orc priest, but do no damage.
The orc priest mumbles some strange prayers to Beogh against you.
Pain shoots through your body!
* * * LOW HITPOINT WARNING * * *
The orc priest calls down the wrath of Beogh upon you.
Pain shoots through your body!
You die...
Your body crumbles into a pile of gold.

**********#g#...##..#.......#
*,,,,,,,* #g#...............#
*,,....,* #.#...##......)...##
*,,....,* #....###.#..........
*,,.h...* ####.##..#..######..
*,,.....#*####.#..###..## #..
*,,...?..*#......#*,##..####..
*,,......##.....#+...##.....##
*<,.......###@.##.....##......
*,,,....#....o##.......##...##
****,*##....###...._....###...
*,##.......##.......##...>.
#.#.........##.....##...l##
****#.........o..##...##.....##
***,,,..........o...##,*#........
*,,,**..........o....###..######.
*,,,,,......$.........#..#* ##.


You could see an orc priest.

Vanquished Creatures
  A scorpion (D:5)
  A hound (D:5)
  An orc priest (D:5)
  2 shadow imps (D:5)
  2 orcs (D:5)
7 creatures vanquished.

Notes
Turn   | Place    | Note
-------+----------+-------------------------------------------
     0 | D:5      | Esekla the Octopode Delver began the quest for the Orb.
     0 | D:5      | Reached XP level 1. HP: 16/16 MP: 1/1
     7 | D:5      | Found a staircase to the Ecumenical Temple.
    12 | Temple   | Entered the Ecumenical Temple
   173 | D:5      | Noticed an orc priest
   186 | D:5      | Killed an orc priest
   187 | D:5      | Reached skill level 7 in Stealth
   187 | D:5      | Reached XP level 2. HP: 21/21 MP: 2/2
   187 | D:5      | Reached XP level 3. HP: 26/26 MP: 3/3
   207 | D:5      | Found a glowing golden altar of the Shining One.
   272 | Temple   | Became a worshipper of Gozag Ym Sagoz the Greedy
   317 | D:5      | Noticed a black bear
   324 | D:5      | Reached XP level 4. HP: 31/31 MP: 3/5
   391 | D:5      | Reached skill level 1 in Spellcasting
   418 | D:5      | Noticed a scorpion
   429 | D:5      | Killed a scorpion
   430 | D:5      | Reached XP level 5. HP: 13/37 MP: 6/6
   515 | D:5      | Killed from afar by an orc priest

Illustrated notes

Levels and vault maps discovered:
D:5:      layout_rooms, tso_metal_star, temple_doors_cd,
          cheibrodos_sewer_entry_bend
Temple:   bh_familiar_temple

Skill      XL: |  1  2  3  4 |
---------------+-------------+-----
Stealth        | 7 |  7.9
Spellcasting   | 1 |  1.2
Fighting       | |  3.7
Long Blades    | |  2.6
Dodging        | |  2.5

Action                     |  1- 3 |  4- 6 || total
---------------------------+-------+-------++-------
  Melee: Falchion          |     7 |    27 ||    34
         Constrict         |     3 |     5 ||     8
         Tentacles         |     1 |     6 ||     7
    Use: Scroll            |       |     2 ||     2
 Armour: Skin              |       |     1 ||     1
  Dodge: Dodged            |     8 |    16 ||    24

Table legend: (Time is in decaauts)
 A = Elapsed time spent in this place.
 B = Non-inter-level travel time spent in this place.
 C = Inter-level travel time spent in this place.
 D = Time resting spent in this place.
 E = Time spent auto-exploring this place.
 F = Levels seen in this place.
 G = Mean time per level.
                   A        B        C        D        E       F      G
               +--------+--------+--------+--------+--------+-----+--------+
         Total |    522 |    412 |    110 |     48 |     85 |   2 |  261.0 |
       Dungeon |    324 |    319 |      5 |     48 |      0 |   1 |  324.0 |
        Temple |    197 |     92 |    105 |      0 |     85 |   1 |  197.0 |
               +--------+--------+--------+--------+--------+-----+--------+

Top non-repeatable levels by time:
     D:5: 324 daAuts
  Temple: 197 daAuts
